 Dungeon Crawl Stone Soup version 0.20-a0-501-g0de2c2e (webtiles) character file.

13 Asddderdsw the Conjurer (level 2, -2/20 HPs)
             Began as a Draconian Conjurer on Jan 20, 2017.
             Slain by a hobgoblin
             ... wielding a +0 club
              (4 damage)
             ... on level 1 of the Dungeon.
             The game lasted 00:02:39 (332 turns).

Asddderdsw the Conjurer (Draconian Conjurer)         Turns: 332, Time: 00:02:39

Health: -2/20      AC:  4    Str: 10    XL:     2   Next: 24%
Magic:  4/5        EV: 12    Int: 15    God:
Gold:   0          SH:  0    Dex: 11    Spells: 2/5 levels left

rFire    . . .     SeeInvis .   d - +0 dagger (holy)
rCold    . . .     Gourm    .   (armour unavailable)
rNeg     . . .     Faith    .   (no shield)
rPois    .         Spirit   .   (helmet restricted)
rElec    .         Reflect  .   (no cloak)
rCorr    .         Harm     .   (no gloves)
MR       .....                  (no boots)
Stlth    ++........             (no amulet)
Regen    0.1/turn               (no ring)
                                (no ring)

@: no status effects
A: unfitting armour, cold-blooded, AC +4
a: no special abilities


You were on level 1 of the Dungeon.
You were not hungry.

You visited 1 branch of the dungeon, and saw 1 of its levels.

Inventory:

Hand Weapons
 d - a +0 dagger of holy wrath (weapon)
 e - a +0 mace
Missiles
 i - a stone (quivered)
Scrolls
 g - a scroll of identify {unknown}
 h - a scroll of remove curse {unknown}
Books
 a - a book of Conjurations

   Spells                             Type                      Level
   a - Magic Dart                     Conjuration                  1
   b - Searing Ray                    Conjuration                  2
   c - Dazzling Spray                 Conjuration/Hexes            3
   d - Fulminant Prism                Conjuration/Hexes            4
   e - Iskenderun's Mystic Blast      Conjuration                  4
   f - Iskenderun's Battlesphere      Conjuration/Charms           5
Comestibles
 b - a bread ration
 c - 9 chunks of flesh
 f - a meat ration


   Skills:
 + Level 0.2 Short Blades
 + Level 1.8 Dodging
 + Level 1.9 Stealth
 + Level 2.0 Spellcasting
 + Level 4.4 Conjurations


You had 2 spell levels left.
You knew the following spells:

 Your Spells              Type           Power        Failure   Level  Hunger
a - Magic Dart            Conj           ##..         4%          1    #......
b - Searing Ray           Conj           ##....       8%          2    ###....


Dungeon Overview and Level Annotations

Branches:
Dungeon (1/15)

Altars:


Innate Abilities, Weirdness & Mutations

Your plain brown scales are hard. (AC +4)
You cannot fit into any form of body armour.
You are cold-blooded and may be slowed by cold attacks.


Message History

You hit the hobgoblin but do no damage.
The hobgoblin is moderately wounded.
The hobgoblin completely misses you.
You hit the hobgoblin but do no damage. The hobgoblin barely misses you.
You barely miss the hobgoblin. The hobgoblin barely misses you.
You hit the hobgoblin.
The hobgoblin is moderately wounded.
The hobgoblin closely misses you.
You hit the hobgoblin but do no damage.
The hobgoblin is moderately wounded.
The hobgoblin barely misses you.
Casting: Magic Dart
Confirm with . or Enter, or press ? or * to list all spells.
Aiming: Magic Dart
Press: ? - help, Shift-Dir - straight line, f - hobgoblin
Aim: a hobgoblin, wielding a club (moderately wounded)
The magic dart hits the hobgoblin.
The hobgoblin is severely wounded.
The hobgoblin hits you with a club.
You die...

#.##.....).###..##.#
#.##........##..##.#
#..#....###......#.#
##.#....# ......... #.#....#
#.###..... #.###### #.#
##.... #.[# #.##...... ##.##
..##...... #@.# ##.# #......
#############g# #.. #......
#..........§§§## #># #......
#........##§#§§###.####......
#.>......#.##§§#.............
#........##.#§§g§.(((........
#........#.##.§§#######.((###
########.......## #...#
####.##.# #####


You could see a hobgoblin.

Vanquished Creatures
  A giant cockroach (D:1)
  5 goblins (D:1)
  3 kobolds (D:1)
  2 rats (D:1)
11 creatures vanquished.

Notes
Turn   | Place    | Note
-------+----------+-------------------------------------------
     0 | D:1      | Asddderdsw the Draconian Conjurer began the quest for the Orb.
     0 | D:1      | Reached XP level 1. HP: 14/14 MP: 3/3
   144 | D:1      | Reached XP level 2. HP: 19/20 MP: 5/5
   184 | D:1      | Learned a level 2 spell: Searing Ray
   312 | D:1      | HP: 1/20 [hobgoblin/javelin (4)]
   332 | D:1      | Slain by a hobgoblin

Vault maps used:
D:1:      saegor_arrival_simple_f, nrook_mini_backslash, minmay_misc_feat_alley,
          supply_closet_lemuel, minmay_misc_feat_tiny, kennysheep_nondescript

Action                   || total
-------------------------++-------
Melee: Dagger            ||    48
       Tailslap          ||     5
 Cast: Magic Dart        ||     4
  Use: Scroll            ||     1
Armor: Skin              ||    12
Dodge: Dodged            ||    34
